 Dungeon Crawl Stone Soup version 0.31-a0-841-g038b102fc3 (webtiles) character file.

Game seed: 6818750201009061902

983 pokeman the Thaumaturge (level 7, -2/38 (40) HPs)
             Began as a Deep Elf Hedge Wizard on Sept 27, 2023.
             Was a Follower of Vehumet.
             Slain by a wight
             ... wielding a +4 trident
              (9 damage)
             ... on level 6 of the Dungeon.
             The game lasted 00:10:27 (6320 turns).

pokeman the Thaumaturge (Deep Elf Hedge Wizard)     Turns: 6320, Time: 00:10:28

HP:   -2/38 (40)    AC:  6    Str:  7    XL:     7   Next: 96%
MP:   6/21          EV: 12    Int: 21    God:    Vehumet [*.....]
Gold: 240           SH:  0    Dex: 17    Spells: 16/24 levels left

rFire   . . .        w - +1 flail (drain)
rCold   . . .        (no shield)
rNeg    . . .        t - +3 leather armour of the Salmon {Regen+ Dex+3}
rPois   .            c - +0 hat
rElec   .            (no cloak)
rCorr   .            (no gloves)
SInv    .            (no boots)
Will    .....        (no amulet)
Stlth   ++           (no ring)
HPRegen 1.06/turn    (no ring)
MPRegen 0.17/turn

%: no passive effects
@: drained
A: no striking features
a: Renounce Religion


You were on level 6 of the Dungeon.
You worshipped Vehumet.
Vehumet was aware of your devotion.
You visited 2 branches of the dungeon, and saw 7 of its levels.

You collected 240 gold pieces.

Inventory:

Hand Weapons
 w - a +1 flail of draining (weapon)
Armour
 b - a +2 leather armour of fire resistance
 c - a +0 hat (worn)
 t - the +3 leather armour of the Salmon (worn) {Regen+ Dex+3}
   (You found it on level 3 of the Dungeon)

   Dex+3:     It affects your dexterity (+3).
   Regen+:    It increases your rate of health regeneration.
Wands
 v - a wand of mindburst (12)
Scrolls
 a - a scroll of acquirement {unknown}
 e - 8 scrolls of identify {unknown}
 g - a scroll of enchant weapon {unknown}
 k - a scroll of blinking {unknown}
 l - a scroll of noise {unknown}
 m - 3 scrolls of fog {unknown}
 n - 6 scrolls of teleportation {unknown}
 q - 3 scrolls of vulnerability {unknown}
 x - a scroll of enchant armour {unknown}
Potions
 d - 2 potions of magic
 f - a potion of heal wounds {unknown}
 h - a potion of brilliance {unknown}
 i - 2 potions of lignification {unknown}
 j - a potion of haste {unknown}
 o - 2 potions of curing {unknown}
 p - a potion of attraction {unknown}
 r - a potion of enlightenment {unknown}
 s - a potion of cancellation {unknown}
 u - 2 potions of might {unknown}


   Skills:
 - Level 2.0 Fighting
 + Level 2.2 Armour
 - Level 3.0 Dodging
 - Level 3.0 Stealth
 * Level 9.3 Spellcasting
 + Level 4.8 Conjurations
 - Level 1.1 Summonings
 - Level 1.1 Translocations
 - Level 1.0 Air Magic
 - Level 1.0 Poison Magic


You had 16 spell levels left.
You knew the following spells:

 Your Spells              Type           Power      Damage    Failure   Level
a - Magic Dart            Conj           100%       1d8       1%          1
b - Mephitic Cloud        Conj/Pois/Air  19%        N/A       12%         3
c - Call Imp              Summ           28%        N/A       10%         2
d - Blink                 Tloc           28%        N/A       10%         2

Your spell library contained the following spells:

 Spells                   Type           Power      Damage    Failure   Level
 Shock                    Conj/Air       88%        1d8       3%          1
 Slow                     Hex            36%        N/A       11%         1
 Cigotuvi's Dreadful Rot  Necr/Pois/Air  24%        N/A       12%         2
 Gell's Gravitas          Tloc           14%        N/A       19%         3
 Teleport Other           Tloc           14%        N/A       19%         3
 Dispersal                Tloc           7%         N/A       100%        6


Dungeon Overview and Level Annotations

Branches:
Dungeon (6/15)             Temple (1/1) D:4

Altars:
Ashenzari
Cheibriados
Dithmenos
Elyvilon
Hepliaklqana
Kikubaaqudgha
Makhleb
Nemelex Xobeh
Okawaru
Qazlal
Ru
Sif Muna
Trog
Uskayaw
Vehumet
Wu Jian
Xom
Zin

Annotations:
D:3 Gold behind fire


Message History

The orc priest attacks as it pursues you!
The orc priest misses you. The wight attacks as it pursues you!
The wight barely misses you.
Casting: Blink (safe; 10% risk of failure)
Confirm with . or Enter, or press ? or * to list all spells.
Aiming: Mephitic Cloud (dangerous; 12% risk of failure)
Press: ? - help, Shift-Dir - straight line, f - orc priest
Aim: an orc priest, wielding a +0 hand axe of electrocution (chance to affect: 86%)
The ball explodes into a vile cloud!
The stinking cloud engulfs the orc priest but does no damage.
The stinking cloud engulfs the wight but does no damage.
The stinking cloud engulfs you but does no damage.
The stinking cloud engulfs the wight but does no damage.
The wight is severely damaged.
You feel ready to blink again. The wight misses you.
The orc priest is engulfed in noxious fumes.
The orc priest hits you with a +0 hand axe of electrocution.
* * * LOW HITPOINT WARNING * * *
Unknown command.
Unknown command.
The orc priest is engulfed in noxious fumes.
The orc priest appears confused.
Unknown command.
Unknown command.
You hit the orc priest. You drain the orc priest.
The orc priest is heavily wounded.
The orc priest closely misses you. Vehumet accepts your kill.
You feel a bit more experienced. The orc priest closely misses you.
Unknown command.
The orc priest barely misses something.
The wight hits you with a +4 battleaxe of freezing!
* * * LOW HITPOINT WARNING * * *
The wight freezes you.
* * * LOW HITPOINT WARNING * * *
Unknown command.
The orc priest shouts!
You hear an angry growl.
The wight hits you from afar with a +4 trident!
You die...

#.#...# #######.#...####
##### .........#.....###
#.o.#
.........#####...####.#.#
......o..# ###......#.#
..[ ...####'## #..#####.#
#... .. #.# #........#
#.. . #z# #z.z.....# #..
###.#### #@#......#####.#
#...ยง..#
#.#.........##.# #..)z..#
#.#.........##.##
#...F..#
#.#.....##......#
#....###
#o#########.....# #....#
#.# #####.## #....# #.#
#..# ....)....# ..# ##.#
..o.......... #..


You could see 2 wights and an orc priest.

Vanquished Creatures
  A sky beast (D:5)
  2 phantoms
  A gnoll sergeant (D:5)
  A scorpion (D:5)
  A jelly (D:5)
  6 hounds
  2 orc priests
  A sleepcap (D:5)
  2 iguanas
  An orc wizard (D:3)
  10 gnolls
  3 adders
  A white imp (D:6)
  4 dart slugs
  8 orcs
  3 endoplasms
  2 giant cockroaches
  4 goblins
  9 hobgoblins
  12 jackals
  2 quokkas (D:5)
  9 ball pythons
  5 bats
  5 frilled lizards
  5 kobolds
  4 rats
104 creatures vanquished.

Vanquished Creatures (collateral kills)
  A gnoll (D:4)
1 creature vanquished.

Grand Total: 105 creatures vanquished

Notes
Turn   | Place    | Note
-------+----------+-------------------------------------------
     0 | D:1      | pokeman the Deep Elf Hedge Wizard began the quest for the
                  | Orb.
     0 | D:1      | Reached XP level 1. HP: 10/10 MP: 7/7
   269 | D:1      | Reached XP level 2. HP: 5/16 MP: 1/9
   476 | D:1      | Found a faded altar of an unknown god.
  1331 | D:1      | Reached skill level 5 in Spellcasting
  1746 | D:2      | Reached XP level 3. HP: 20/20 MP: 6/11
  1750 | D:2      | Learned a level 3 spell: Mephitic Cloud
  1753 | D:2      | Learned a level 2 spell: Call Imp
  1756 | D:2      | Learned a level 2 spell: Blink
  2081 | D:2      | Found a white marble altar of Elyvilon.
  2149 | D:2      | Reached skill level 1 in Fighting
  2451 | D:3      | Reached skill level 1 in Armour
  2510 | D:3      | Reached XP level 4. HP: 19/25 MP: 0/13
  2944 | D:3      | Found a snail-covered altar of Cheibriados.
  2947 | D:3      | Identified the +3 leather armour of the Salmon {Regen+
                  | Dex+3}
  3355 | D:4      | Reached skill level 6 in Spellcasting
  3424 | D:4      | Reached XP level 5. HP: 29/29 MP: 1/15
  4237 | D:4      | Reached skill level 1 in Air Magic
  4237 | D:4      | Reached skill level 1 in Poison Magic
  4287 | D:4      | Noticed a phantom
  4300 | D:4      | Killed a phantom
  4301 | D:4      | Reached XP level 6. HP: 34/34 MP: 3/17
  4414 | D:4      | Found a staircase to the Ecumenical Temple.
  4431 | Temple   | Entered the Ecumenical Temple
  4438 | Temple   | Became a worshipper of Vehumet
  4661 | D:5      | Entered Level 5 of the Dungeon
  4673 | D:5      | Reached skill level 7 in Spellcasting
  4889 | D:5      | Found a broken altar of Ashenzari.
  5009 | D:5      | Reached XP level 7. HP: 33/40 MP: 8/20
  5288 | D:5      | Reached skill level 8 in Spellcasting
  5966 | D:5      | Reached skill level 9 in Spellcasting
  6121 | D:6      | Reached * piety under Vehumet
  6121 | D:6      | Offered knowledge of Shock by Vehumet.
  6320 | D:6      | Slain by a wight

Illustrated notes

Levels and vault maps discovered:
D:1:      grunt_arrival_crossed_arrows, layout_basic,
          nicolae_ecumenical_snake_handling, serial_bayou_ford_a,
          grunt_decor_mini_mirrors, minmay_crystal_room, hangedman_decor_push,
          wander_ebering_terrifying_dragon_lair
D:2:      layout_basic, basic_altar
D:3:      layout_rooms, kennysheep_slug_shrine, lemuel_flame_loot_1
D:4:      layout_basic, minmay_temple_entry_large_hall, serial_curves,
          eino_curves_03, eino_curves_03, eino_curves_04, eino_curves_02,
          chequers_serial_rivers_micro_a
D:5:      layout_loops_corners, evilmike_ruin_ashenzari, serial_bayou_crossing
D:6:      layout_basic
Temple:   nicolae_temple_bog_church

Skill      XL: |  1  2  3  4  5  6  7 |
---------------+----------------------+-----
Spellcasting   | 5 6 7 9 |  9.3
Fighting       | 1 2 |  2.0
Armour         | 1 2 |  2.2
Conjurations   | 2 3 4 |  4.8
Dodging        | 3 |  3.0
Stealth        | 3 |  3.0
Air Magic      | 1 |  1.0
Poison Magic   | 1 |  1.0
Summonings     | |  1.1
Translocations | |  1.1

Action                     |  1- 3 |  4- 6 |  7- 9 || total
---------------------------+-------+-------+-------++-------
  Melee: Dagger            |     6 |    26 |       ||    32
         Flail             |       |       |    30 ||    30
   Cast: Magic Dart        |   107 |   117 |    48 ||   272
         Mephitic Cloud    |       |     5 |    12 ||    17
         Call Imp          |       |     2 |     5 ||     7
         Blink             |       |       |     1 ||     1
   Stab: Confused          |       |     3 |     2 ||     5
         Sleeping          |       |       |     1 ||     1
 Armour: Robe              |    16 |     1 |       ||    17
         Leather armour    |       |    39 |    21 ||    60
  Dodge: Dodged            |    13 |    32 |    37 ||    82

Table legend: (Time is in decaauts)
 A = Elapsed time spent in this place.
 B = Non-inter-level travel time spent in this place.
 C = Inter-level travel time spent in this place.
 D = Time resting spent in this place.
 E = Time spent auto-exploring this place.
 F = Levels seen in this place.
 G = Mean time per level.
                   A        B        C        D        E       F      G
               +--------+--------+--------+--------+--------+-----+--------+
         Total |   6357 |   6136 |    221 |    270 |   5126 |   7 |  908.1 |
       Dungeon |   6339 |   6124 |    215 |    270 |   5126 |   6 | 1056.5 |
        Temple |     17 |     11 |      6 |      0 |      0 |   1 |   17.0 |
               +--------+--------+--------+--------+--------+-----+--------+

Top non-repeatable levels by time:
     D:1: 1606 daAuts
     D:5: 1426 daAuts
     D:4: 1257 daAuts
     D:2: 928 daAuts
     D:3: 865 daAuts
     D:6: 254 daAuts
  Temple: 17 daAuts
